 Dungeon Crawl Stone Soup version 0.32-a0-791-gfc315c9ecd (webtiles) character file.

Game seed: 11063697343522949918

121 AeshMezareph the Trooper (level 5, 0/54 HPs)
             Began as an Oni Warper on Mar 20, 2024.
             Succumbed to a scorpion's poison
             ... on level 4 of the Dungeon.
             The game lasted 00:06:51 (2944 turns).

AeshMezareph the Trooper (Oni Warper)               Turns: 2944, Time: 00:06:52

Health: 0/54       AC:  3    Str: 17    XL:     5   Next: 5%
Magic:  9/9        EV:  9    Int: 14    God:
Gold:   151        SH:  0    Dex:  8    Spells: 10/10 levels left

rFire   . . .        a - +0 mace
rCold   . . .        (no shield)
rNeg    . . .        b - +0 robe
rPois   .            (helmet restricted)
rElec   .            (no cloak)
rCorr   .            (gloves unavailable)
SInv    .            (boots unavailable)
Will    .....        (no amulet)
Stlth   +            (no ring)
HPRegen 0.29/turn    (no ring)
MPRegen 0.11/turn

%: no passive effects
@: brilliant, lethally poisoned (0 -> -18)
A: large, unfitting armour, horns 1, tough skin 1, double potion healing,
drunken brawling
a: no special abilities


You were on level 4 of the Dungeon.
You visited 1 branch of the dungeon, and saw 5 of its levels.

You collected 151 gold pieces.

Inventory:

Hand Weapons
 a - a +0 mace (weapon)
 q - a +0 glaive
Missiles
 d - 7 darts of dispersal (quivered)
 m - 5 poisoned darts
Armour
 b - a +0 robe (worn)
Jewellery
 h - a ring of ice
Scrolls
 c - a scroll of blinking
 f - a scroll of revelation {unknown}
 i - a scroll of amnesia {unknown}
 j - 3 scrolls of identify {unknown}
 o - a scroll of teleportation {unknown}
 p - a scroll of enchant weapon {unknown}
 r - a scroll of poison {unknown}
Potions
 e - a potion of resistance
 l - a potion of mutation {unknown}
 n - a potion of curing {unknown}


   Skills:
 * Level 4.0 Fighting
 * Level 3.0 Maces & Flails
 + Level 1.8 Throwing
 + Level 2.6 Dodging
 + Level 3.0 Spellcasting
 + Level 3.0 Translocations


You had 10 spell levels left.
You didn't know any spells.
Your spell library contained the following spells:

 Spells                   Type           Power      Damage    Failure   Level
 Blink                    Tloc           30%        N/A       10%         2
 Lesser Beckoning         Tloc           30%        N/A       10%         2
 Teleport Other           Tloc           15%        N/A       19%         3
 Manifold Assault         Tloc           15%        N/A       52%         4
 Vhi's Electric Charge    Tloc/Air       18%        N/A       75%         4


Dungeon Overview and Level Annotations

Branches:
Dungeon (5/15)
 Temple: D:4-7

Altars:

Shops:
D:3 [(((*


Innate Abilities, Weirdness & Mutations

You are too large for most types of armour.
You have a pair of small horns on your head.
You have tough skin. (AC +1)
You gain doubled healing and magic from potions.
Whenever you drink a healing potion, you attack all around you.


Message History

Unknown command.
You barely miss the scorpion. Your headbutt misses the scorpion.
The scorpion is heavily wounded.
You feel sick. The scorpion stings you.
You are more poisoned.
The scorpion poisons you!
Unknown command.
You barely miss the scorpion. You headbutt the scorpion.
The scorpion is heavily wounded.
You feel very sick. The scorpion stings you.
You are more poisoned.
The scorpion poisons you!
The scorpion stings you but does no damage.
You hit the scorpion.
The scorpion is almost dead.
* * * LOW HITPOINT WARNING * * *
You feel very sick.
The scorpion stings you but does no damage.
Unknown command.
It was a potion of resistance.
You feel protected.
* * * LOW HITPOINT WARNING * * *
You feel very sick. The scorpion closely misses you. The scorpion stings you.
* * * LOW HITPOINT WARNING * * *
It was a potion of cancellation.
Your magical effects are unravelling.
You feel magically purged.
Your resistance to elements expires.
* * * LOW HITPOINT WARNING * * *
You feel very sick. The scorpion stings you.
* * * LOW HITPOINT WARNING * * *
You are more poisoned.
The scorpion poisons you!
Sorry, you're not good enough to have a special ability.
It was a potion of brilliance.
You feel clever all of a sudden.
You die...

######## #####
#....... #s..#
######.......
#.@.###............
#....##.........###
#.....#.......[.#
#.....#.........#
##..............#
#+###..........#
#....###......
##............
##+#.........


You could see a scorpion.

Vanquished Creatures
  A bombardier beetle (D:5)
  An orc wizard (D:3)
  A dart slug (D:1)
  5 orcs
  5 bats
  5 endoplasms
  A giant cockroach (D:1)
  6 goblins
  11 hobgoblins
  4 quokkas
  4 ball pythons
  4 frilled lizards
  4 kobolds
  5 rats
57 creatures vanquished.

Notes
Turn   | Place    | Note
-------+----------+-------------------------------------------
     0 | D:1      | AeshMezareph the Oni Warper began the quest for the Orb.
     0 | D:1      | Reached XP level 1. HP: 22/22 MP: 3/3
   172 | D:1      | Reached skill level 3 in Fighting
   172 | D:1      | Reached XP level 2. HP: 29/31 MP: 5/5
   638 | D:1      | Reached XP level 3. HP: 37/37 MP: 6/6
  1739 | D:3      | Found Axzuhuebb's Antique Weapon Emporium.
  1807 | D:3      | Found Tattor's Antique Weapon Emporium.
  1820 | D:3      | Found Filaemaw's Armour Boutique.
  1900 | D:3      | Found Dacs's Assorted Antiques.
  2004 | D:3      | Found Wahece's Weapon Boutique.
  2405 | D:3      | Reached XP level 4. HP: 41/45 MP: 8/8
  2427 | D:4      | Noticed a scorpion
  2893 | D:4      | Noticed a scorpion
  2903 | D:5      | Entered Level 5 of the Dungeon
  2911 | D:5      | Reached skill level 4 in Fighting
  2911 | D:5      | Reached XP level 5. HP: 54/54 MP: 9/9
  2919 | D:5      | Noticed a black bear
  2944 | D:4      | Succumbed to a scorpion's poison

Illustrated notes

Levels and vault maps discovered:
D:1:      roderic_crop_circles_arrival_small, layout_basic,
          minmay_misc_feat_square
D:2:      layout_loops_ring, kennysheep_generic_room_5
D:3:      layout_rooms, serial_shops, nicolae_lakefront_shop,
          nicolae_shop_just_a_little_nook, shop, shop, shop_statue,
          serial_aquarium, aquarium_bridge_long_separate
          [aquarium_subvault_bridge, aquarium_subvault_window,
          aquarium_subvault_bridge, aquarium_subvault_bridge,
          aquarium_subvault_wall, aquarium_subvault_wall],
          aquarium_bridge_island_small [aquarium_subvault_small_open,
          aquarium_subvault_window, aquarium_subvault_bridge,
          aquarium_subvault_wall, aquarium_subvault_bridge], aquarium_window_1,
          aquarium_window_2, aquarium_view_2e, aquarium_balcony_5b
D:4:      layout_basic, serial_shops, shop, portal_sewer_entry_f
D:5:      cheibrodos_quashed, layout_basic, uniq_duvessa

Skill      XL: |  1  2  3  4 |
---------------+-------------+-----
Fighting       | 3 4 |  4.0
Maces & Flails | 3 |  3.0
Spellcasting   | 3 |  3.0
Translocations | 3 |  3.0
Throwing       | |  1.8
Dodging        | |  2.6

Action                     |  1- 3 |  4- 6 || total
---------------------------+-------+-------++-------
  Melee: Mace              |   144 |    36 ||   180
         Headbutt          |    19 |     6 ||    25
    Use: Potion            |       |     3 ||     3
 Armour: Robe              |   115 |    38 ||   153
  Dodge: Dodged            |    79 |    19 ||    98

Table legend: (Time is in decaauts)
 A = Elapsed time spent in this place.
 B = Non-inter-level travel time spent in this place.
 C = Inter-level travel time spent in this place.
 D = Time resting spent in this place.
 E = Time spent auto-exploring this place.
 F = Levels seen in this place.
 G = Mean time per level.
                   A        B        C        D        E       F      G
               +--------+--------+--------+--------+--------+-----+--------+
         Total |   2996 |   2868 |    128 |    325 |   1895 |   5 |  599.2 |
       Dungeon |   2996 |   2868 |    128 |    325 |   1895 |   5 |  599.2 |
               +--------+--------+--------+--------+--------+-----+--------+

Top non-repeatable levels by time:
     D:1: 1046 daAuts
     D:3: 1039 daAuts
     D:2: 716 daAuts
     D:4: 165 daAuts
     D:5: 27 daAuts
